 Dungeon Crawl Stone Soup version 0.25.1-2-g60ff931df9 (webtiles) character file.

Game seed: 9605936114716431437

101 funkygono the Conjurer (level 4, 0/30 HPs)
             Began as a Demonspawn Conjurer on Nov 1, 2020.
             Slain by Natasha (3 damage)
             ... on level 2 of the Dungeon.
             The game lasted 00:05:12 (1908 turns).

funkygono the Conjurer (Demonspawn Conjurer)        Turns: 1908, Time: 00:05:12

Health: 0/30       AC:  4    Str:  7 (9)  XL:     4   Next: 48%
Magic:  0/7        EV: 12    Int: 14 (17) God:
Gold:   77         SH:  0    Dex: 12 (13) Spells: 5/8 levels left

rFire    . . .     SeeInvis .   g - +0 club
rCold    . . .     Gourm    .   (no shield)
rNeg     . . .     Faith    .   a - +0 robe
rPois    .         Spirit   .   (no helmet)
rElec    .         Reflect  .   (no cloak)
rCorr    .         Harm     .   d - +0 pair of gloves
MR       .....     Rnd*Tele +   i - +0 pair of boots
Stlth    ++........             (no amulet)
HPRegen  0.10/turn              l - ring of teleportation (curse)
MPRegen  0.10/turn              (no ring)

@: flying, very slightly contaminated, slowed, very slow
A: powered by death 2, spiny 1
a: no special abilities


You were on level 2 of the Dungeon.
You were not hungry.

You visited 1 branch of the dungeon, and saw 2 of its levels.

You collected 77 gold pieces.

Inventory:

Hand Weapons
 g - a +0 club (weapon)
Missiles
 b - 49 stones (quivered)
Armour
 a - a +0 robe (worn)
 d - a +0 pair of gloves (worn)
 i - a +0 pair of boots (worn)
Jewellery
 l - a cursed ring of teleportation (left hand)
Scrolls
 j - a scroll of blinking {unknown}
 n - a scroll of identify {unknown}
 o - 3 scrolls of fog {unknown}
Potions
 h - a potion of flight
 k - a potion of haste {unknown}
 m - a potion of curing {unknown}
 p - a potion of lignification {unknown}
Comestibles
 c - 4 rations
 f - 2 chunks of flesh


   Skills:
 + Level 0.3 Fighting
 + Level 0.3 Maces & Flails
 + Level 2.1 Dodging
 - Level 1.7 Stealth
 + Level 2.5 Spellcasting
 + Level 5.3 Conjurations


You had 5 spell levels left.
You knew the following spells:

 Your Spells              Type           Power        Failure   Level  Hunger
a - Magic Dart            Conj           ###.         2%          1    #......
b - Searing Ray           Conj           ###...       3%          2    ###....

Your spell library contained the following spells:

 Spells                   Type           Power        Failure   Level  Hunger
 Dazzling Flash           Conj/Hex       #.....       22%         3    ###....
 Fulminant Prism          Conj/Hex       #.........   58%         4    #####..
 Iskenderun's Mystic Bla  Conj/Tloc      #.......     58%         4    #####..


Dungeon Overview and Level Annotations

Branches:
Dungeon (2/15)

Altars:
Nemelex Xobeh

Annotations:
D:2 Natasha


Innate Abilities, Weirdness & Mutations

You regenerate health from kills.
You are partially covered in sharp spines.


Message History

Natasha claws you.
* * * LOW HITPOINT WARNING * * *
It was a potion of flight.
You feel very buoyant.
You fly up into the air.
The crimson imp is struck by your spines.
The crimson imp barely misses you. Natasha casts a spell at you.
You feel as though you will be slow longer.
The crimson imp is struck by your spines.
The crimson imp misses you.
It was a potion of degeneration.
There was something very wrong with that liquid.
You feel weakened.
You feel dopey.
You feel clumsy. Natasha claws you but does no damage.
The crimson imp is struck by your spines.
The crimson imp hits you.
* * * LOW HITPOINT WARNING * * *
Natasha claws you.
You die...

...#..........# #...#############
####..........# #...##..........#
#............# #...##..........#
##.##.........# #.........>.....#
<#............# #...............#
####..........# #...÷...........#
..............# #...............#
...##.........#####....##########
...+...........5@h55...'........(
...################....##....<...
...######################........
...'....................'........
.⌠.######################÷.......
_.....# #........ .⌠)...#
#........ ......# #........
......# #........


You could see Natasha, 2 crimson imps and a shadow imp (summoned).

Vanquished Creatures
  Natasha (D:2)
  2 gnolls (D:1)
  An adder (D:2)
  2 dart slugs
  A leopard gecko (D:1)
  3 bats
  4 giant cockroaches
  7 goblins
  3 hobgoblins (D:1)
  3 ball pythons
  2 frilled lizards (D:1)
  4 kobolds
  11 rats
44 creatures vanquished.

Notes
Turn   | Place    | Note
-------+----------+-------------------------------------------
     0 | D:1      | funkygono the Demonspawn Conjurer began the quest for the
                  | Orb.
     0 | D:1      | Reached XP level 1. HP: 13/13 MP: 3/3
   217 | D:1      | Gained mutation: You regenerate a little health from kills.
                  | [demonic ancestry]
   217 | D:1      | Reached XP level 2. HP: 19/19 MP: 1/5
   221 | D:1      | Learned a level 2 spell: Searing Ray
   810 | D:1      | Reached skill level 5 in Conjurations
   810 | D:1      | Gained mutation: You regenerate health from kills. [demonic
                  | ancestry]
   810 | D:1      | Reached XP level 3. HP: 24/24 MP: 2/6
  1554 | D:2      | Found a sparkling altar of Nemelex Xobeh.
  1672 | D:2      | Noticed Natasha
  1678 | D:2      | Killed Natasha
  1678 | D:2      | Gained mutation: You are partially covered in sharp spines.
                  | [demonic ancestry]
  1678 | D:2      | Reached XP level 4. HP: 19/30 MP: 1/7
  1887 | D:2      | Noticed Natasha
  1908 | D:2      | Slain by Natasha

Illustrated notes

Levels and vault maps discovered:
D:1:      onia_arrival_handbag, layout_loops_ring
D:2:      layout_basic, nemelex_xobeh_ov_fountains_minmay, first_ration,
          minmay_pentomino_v4, uniq_natasha, uniq_jessica

Skill      XL: |  1  2  3 |
---------------+----------+-----
Conjurations   | 5 |  5.3
Dodging        | 2 |  2.1
Fighting       | |  0.3
Maces & Flails | |  0.3
Stealth        | |  1.7
Spellcasting   | |  2.5

Action                   |  1- 3 |  4- 6 || total
-------------------------+-------+-------++-------
Melee: Club              |    29 |     5 ||    34
 Cast: Magic Dart        |    61 |    12 ||    73
       Searing Ray       |     5 |       ||     5
  Use: Scroll            |     3 |       ||     3
       Potion            |       |     2 ||     2
  Eat: Chunk             |     3 |     1 ||     4
Armor: Robe              |     9 |     6 ||    15
Dodge: Dodged            |    29 |    10 ||    39
